| TOP OF THE 1ST |
|
Miami Marlins batting - Pitching for Chicago Cubs : RHP Nate Jackson
|
|
Pitching: RHP Nate Jackson
|
|
|
Batting: RHB Jeff Garofalo
|
0-0: Called Strike 0-1: Swinging Strike 0-2: Ball 1-2: Fly out, F9 (Flyball, 9, EV 90.6 MPH)
|
|
Batting: RHB Micah Christopher
|
0-0: Ball 1-0: Foul Ball, location: 2F 1-1: Called Strike 1-2: Foul Ball, location: 2F 1-2: Ground out 6-3 (Groundball, 6, EV 82.5 MPH)
|
|
Batting: LHB Andre Gorter
|
0-0: Called Strike 0-1: Ball 1-1: Foul Ball, location: 2F 1-2: Ball 2-2: Fly out, F9 (Flyball, 9LD, EV 79.4 MPH)
|
| Top of the 1st over - 0 runs, 0 hits, 0 errors, 0 left on base; Miami 0 - Chicago 0 |
| BOTTOM OF THE 1ST |
|
Chicago Cubs batting - Pitching for Miami Marlins : LHP Mark Palomo
|
|
Pitching: LHP Mark Palomo
|
|
|
Batting: RHB Elijah Campbell
|
0-0: Ball 1-0: SINGLE (Line Drive, 4D, EV 103.1 MPH)
|
|
Batting: RHB Will Leslie
|
0-0: Called Strike 0-1: Ball Wild Pitch! Elijah Campbell to second 1-1: Called Strike 1-2: Strikes out swinging
|
|
Batting: RHB Efrain Vargas
|
0-0: Called Strike 0-1: Ball 1-1: Called Strike 1-2: Ball 2-2: DOUBLE (Line Drive, 9LM, EV 105.0 MPH) Elijah Campbell scores
|
|
Batting: SHB Terry Tuckfard
|
0-0: Called Strike 0-1: Fly out, F4 (Flyball, 34D, EV 81.3 MPH)
|
|
Batting: RHB Kaeo Zirpoli
|
0-0: Ball 1-0: Foul Ball, location: 2F 1-1: Called Strike 1-2: 2-RUN HOME RUN (Flyball, 7D, EV 105.0 MPH), Distance : 386 ft
|
|
Pitching: LHP Patrick Meesters
|
|
|
Batting: LHB Kevin Norton
|
0-0: Ball 1-0: Foul Ball, location: 2F 1-1: Ball 2-1: Ball 3-1: Base on Balls
|
|
Batting: RHB Steve Bui
|
0-0: Ball 1-0: Called Strike Kevin Norton steals 2nd, throwing error, E2 Kevin Norton to third 1-1: Called Strike 1-2: Strikes out swinging
|
| Bottom of the 1st over - 3 runs, 3 hits, 1 error, 1 left on base; Miami 0 - Chicago 3 |
| TOP OF THE 2ND |
|
Miami Marlins batting - Pitching for Chicago Cubs : RHP Nate Jackson
|
|
Batting: RHB Roger Salazar
|
0-0: Foul Ball, location: 2F 0-1: Foul Ball, location: 2F 0-2: Strikes out swinging
|
|
Batting: RHB Justin Huff
|
0-0: Ball 1-0: Foul Ball, location: 2F 1-1: Called Strike 1-2: Hit by Pitch
|
|
Batting: RHB Josh Crenwelge
|
0-0: SINGLE (Groundball, 25, EV 70.6 MPH) (infield hit) Justin Huff to second
|
|
Batting: LHB Juan Solorzano
|
0-0: Ball 1-0: Ball 2-0: Ball 3-0: Called Strike 3-1: Grounds out, U3 (Groundball, 3L, EV 80.0 MPH) Justin Huff to third
|
|
Batting: LHB Luis Aguilar
|
0-0: Ball 1-0: Swinging Strike 1-1: Swinging Strike 1-2: Ground out 1-3 (Groundball, 13S, EV 68.8 MPH)
|
| Top of the 2nd over - 0 runs, 1 hit, 0 errors, 2 left on base; Miami 0 - Chicago 3 |
| BOTTOM OF THE 2ND |
|
Chicago Cubs batting - Pitching for Miami Marlins : LHP Patrick Meesters
|
|
Batting: RHB Jamie Ogilvie
|
0-0: Called Strike 0-1: Foul Ball, location: 2F 0-2: Foul Ball, location: 2F 0-2: Ball 1-2: Foul Ball, location: 2F 1-2: Ball 2-2: Foul Ball, location: 2F 2-2: Ball 3-2: Base on Balls
|
|
Batting: SHB Art Kent
|
0-0: Ball 1-0: Ball 2-0: Ball 3-0: Called Strike 3-1: Foul Ball, location: 2F 3-2: Fly out, F9 (Line Drive, 9D, EV 91.3 MPH)
|
|
Batting: RHB Elijah Campbell
|
0-0: Ball 1-0: DOUBLE (Groundball, 5L, EV 100.6 MPH) Jamie Ogilvie to third
|
|
Batting: RHB Will Leslie
|
0-0: 3-RUN HOME RUN (Flyball, 7D, EV 97.5 MPH), Distance : 386 ft
|
|
Batting: RHB Efrain Vargas
|
0-0: Called Strike 0-1: SOLO HOME RUN (Flyball, 9D, EV 98.8 MPH), Distance : 389 ft
|
|
Batting: SHB Terry Tuckfard
|
0-0: Ball 1-0: Ground out U3 (Groundball, 13, EV 91.3 MPH)
|
|
Batting: RHB Kaeo Zirpoli
|
0-0: Fly out, F7 (Flyball, 7, EV 82.5 MPH)
|
| Bottom of the 2nd over - 4 runs, 3 hits, 0 errors, 0 left on base; Miami 0 - Chicago 7 |
| TOP OF THE 3RD |
|
Miami Marlins batting - Pitching for Chicago Cubs : RHP Nate Jackson
|
|
Batting: RHB Eric Jordan
|
0-0: Fly out, F9 (Flyball, 9LS, EV 93.1 MPH)
|
|
Batting: RHB Jeff Garofalo
|
0-0: Ball 1-0: Called Strike 1-1: Foul Ball, location: 2F 1-2: Strikes out swinging wild pitch, reaches first!
|
|
Batting: RHB Micah Christopher
|
0-0: Foul Ball, location: 2F 0-1: Ball 1-1: Foul Ball, location: 2F 1-2: Strikes out swinging Jeff Garofalo steals 2nd base (no throw) Batter strikes out.
|
|
Batting: LHB Andre Gorter
|
0-0: Called Strike 0-1: Ball 1-1: Called Strike 1-2: Foul Ball, location: 2F 1-2: Strikes out swinging
|
| Top of the 3rd over - 0 runs, 0 hits, 0 errors, 1 left on base; Miami 0 - Chicago 7 |
| BOTTOM OF THE 3RD |
|
Chicago Cubs batting - Pitching for Miami Marlins : LHP Patrick Meesters
|
|
Batting: LHB Kevin Norton
|
0-0: Ball 1-0: Foul Ball, location: 2F 1-1: Ground out 6-3 (Groundball, 6M, EV 96.9 MPH)
|
|
Batting: RHB Steve Bui
|
0-0: Called Strike 0-1: Ground out 5-3 (Groundball, 56S, EV 88.1 MPH)
|
|
Batting: RHB Jamie Ogilvie
|
0-0: Single, Error in OF, E9, batter to second base (Line Drive, 9S, EV 102.5 MPH)
|
|
Batting: SHB Art Kent
|
0-0: Swinging Strike 0-1: Ball 1-1: Ball 2-1: Ball 3-1: Called Strike 3-2: Strikes out swinging
|
| Bottom of the 3rd over - 0 runs, 1 hit, 1 error, 1 left on base; Miami 0 - Chicago 7 |
| TOP OF THE 4TH |
|
Miami Marlins batting - Pitching for Chicago Cubs : RHP Nate Jackson
|
|
Batting: RHB Roger Salazar
|
0-0: Called Strike 0-1: Foul Ball, location: 2F 0-2: Fly out, F5 (Popup, 25F, EV 88.1 MPH)
|
|
Batting: RHB Justin Huff
|
0-0: Called Strike 0-1: Ball 1-1: Foul Ball, location: 2F 1-2: Foul Ball, location: 2F 1-2: Ball 2-2: Strikes out swinging
|
|
Batting: RHB Josh Crenwelge
|
0-0: Called Strike 0-1: Ball 1-1: Ball 2-1: Called Strike 2-2: DOUBLE (Groundball, 5L, EV 105.0 MPH)
|
|
Batting: LHB Juan Solorzano
|
0-0: Ball 1-0: Foul Ball, location: 2F 1-1: Called Strike 1-2: Ball 2-2: Strikes out swinging
|
| Top of the 4th over - 0 runs, 1 hit, 0 errors, 1 left on base; Miami 0 - Chicago 7 |
| BOTTOM OF THE 4TH |
|
Chicago Cubs batting - Pitching for Miami Marlins : LHP Patrick Meesters
|
|
Batting: RHB Elijah Campbell
|
0-0: Foul Ball, location: 2F 0-1: Fly out, F9 (Line Drive, 9D, EV 97.5 MPH)
|
|
Batting: RHB Will Leslie
|
0-0: Called Strike 0-1: Called Strike 0-2: Strikes out swinging
|
|
Batting: RHB Efrain Vargas
|
0-0: Called Strike 0-1: SINGLE (Line Drive, 89S, EV 88.8 MPH)
|
|
Batting: SHB Terry Tuckfard
|
0-0: Foul Ball, location: 2F 0-1: Ball 1-1: Ball 2-1: SINGLE (Groundball, 6MD, EV 96.3 MPH) Efrain Vargas to second
|
|
Batting: RHB Kaeo Zirpoli
|
0-0: Called Strike 0-1: SINGLE (Groundball, 6D, EV 103.8 MPH) Efrain Vargas to third Terry Tuckfard to second Runner from 3rd tries for Home, SAFE, throw by CF to home
|
|
Batting: LHB Kevin Norton
|
0-0: Ball 1-0: Ball 2-0: Ball 3-0: Called Strike 3-1: Called Strike 3-2: Foul Ball, location: 2F 3-2: Foul Ball, location: 2F 3-2: Ground out U3 (Groundball, 3L, EV 93.8 MPH)
|
| Bottom of the 4th over - 1 run, 3 hits, 0 errors, 2 left on base; Miami 0 - Chicago 8 |
| TOP OF THE 5TH |
|
Miami Marlins batting - Pitching for Chicago Cubs : RHP Nate Jackson
|
|
Batting: LHB Luis Aguilar
|
0-0: Foul Ball, location: 2F 0-1: Ball 1-1: Ball 2-1: Foul Ball, location: 2F 2-2: Strikes out looking
|
|
Batting: RHB Eric Jordan
|
0-0: Foul Ball, location: 2F 0-1: Ball 1-1: Ball 2-1: Ball 3-1: Base on Balls
|
|
Batting: RHB Jeff Garofalo
|
0-0: Called Strike 0-1: Foul Ball, location: 2F 0-2: Foul Ball, location: 2F 0-2: Fly out, F8 (Flyball, 8RD, EV 90.6 MPH)
|
|
Batting: RHB Micah Christopher
|
0-0: Called Strike 0-1: Swinging Strike 0-2: Strikes out looking
|
| Top of the 5th over - 0 runs, 0 hits, 0 errors, 1 left on base; Miami 0 - Chicago 8 |
| BOTTOM OF THE 5TH |
|
Chicago Cubs batting - Pitching for Miami Marlins : LHP Patrick Meesters
|
|
Batting: RHB Steve Bui
|
0-0: Ball 1-0: Ball 2-0: Foul Ball, location: 2F 2-1: Ball 3-1: Base on Balls
|
|
Batting: RHB Jamie Ogilvie
|
0-0: Foul Ball, location: 2F 0-1: Foul Ball, location: 2F 0-2: Ball 1-2: Foul Ball, location: 2F 1-2: Grounds into double play, 4-6-3 (Groundball, 4, EV 98.8 MPH)
|
|
Batting: SHB Art Kent
|
0-0: Swinging Strike 0-1: Swinging Strike 0-2: Ball 1-2: Strikes out looking
|
| Bottom of the 5th over - 0 runs, 0 hits, 0 errors, 0 left on base; Miami 0 - Chicago 8 |
| TOP OF THE 6TH |
|
Miami Marlins batting - Pitching for Chicago Cubs : RHP Nate Jackson
|
|
Batting: LHB Andre Gorter
|
0-0: DOUBLE (Groundball, 3L, EV 97.5 MPH)
|
|
Batting: RHB Roger Salazar
|
0-0: Called Strike 0-1: Ball 1-1: SINGLE (Groundball, 56D, EV 105.6 MPH) Andre Gorter to third
|
|
Batting: RHB Justin Huff
|
0-0: Ball 1-0: Ball 2-0: Foul Ball, location: 2F 2-1: Hit by Pitch Roger Salazar to second
|
|
Batting: RHB Josh Crenwelge
|
0-0: Grounds into double play, 4-6-3 (Groundball, 4MD, EV 108.8 MPH) Andre Gorter scores Roger Salazar to third
|
|
Batting: LHB Juan Solorzano
|
0-0: Ground out 4-3 (Groundball, 4, EV 86.3 MPH)
|
| Top of the 6th over - 1 run, 2 hits, 0 errors, 1 left on base; Miami 1 - Chicago 8 |
| BOTTOM OF THE 6TH |
|
Chicago Cubs batting - Pitching for Miami Marlins : LHP Patrick Meesters
|
|
Batting: RHB Elijah Campbell
|
0-0: SINGLE (Groundball, 56S, EV 70.0 MPH) (infield hit)
|
|
Batting: RHB Will Leslie
|
0-0: Foul Ball, location: 2F 0-1: Foul Ball, location: 2F 0-2: Ball 1-2: Foul Ball, location: 2F 1-2: Foul Ball, location: 2F 1-2: Ball 2-2: Foul Ball, location: 2F 2-2: Ball 3-2: Base on Balls Elijah Campbell to second
|
|
Batting: RHB Efrain Vargas
|
0-0: Called Strike 0-1: Ball 1-1: Swinging Strike 1-2: Foul Ball, location: 2F 1-2: Ball 2-2: Foul Ball, location: 2F 2-2: Ball 3-2: Foul Ball, location: 2F 3-2: Foul Ball, location: 2F 3-2: Foul Ball, location: 2F 3-2: Base on Balls Elijah Campbell to third Will Leslie to second
|
|
Batting: SHB Terry Tuckfard
|
0-0: Ball 1-0: Ball 2-0: Foul Ball, location: 2F 2-1: Grounds into double play, 5-4-3 (Groundball, 56, EV 96.3 MPH) Elijah Campbell scores Will Leslie to third
|
|
Pitching: RHP Brian Glover
|
|
|
Batting: RHB Kaeo Zirpoli
|
0-0: Ball 1-0: SINGLE (Groundball, 4M, EV 101.9 MPH) (infield hit) Will Leslie scores
|
|
Batting: LHB Kevin Norton
|
0-0: Foul Ball, location: 2F 0-1: Fielders Choice at 2nd, 6-4 (Groundball, 6, EV 97.5 MPH)
|
| Bottom of the 6th over - 2 runs, 2 hits, 0 errors, 1 left on base; Miami 1 - Chicago 10 |
| TOP OF THE 7TH |
|
Miami Marlins batting - Pitching for Chicago Cubs : RHP Nate Jackson
|
|
Pinch Hitting: RHB Gavin Helton
|
0-0: Ball 1-0: Called Strike 1-1: Foul Ball, location: 2F 1-2: Ball 2-2: Ball 3-2: Strikes out swinging, 2-3 out at first.
|
|
Batting: RHB Eric Jordan
|
0-0: Called Strike 0-1: Called Strike 0-2: Strikes out swinging
|
|
Batting: RHB Jeff Garofalo
|
0-0: Fly out, F7 (Flyball, 7LS, EV 85.0 MPH)
|
| Top of the 7th over - 0 runs, 0 hits, 0 errors, 0 left on base; Miami 1 - Chicago 10 |
| BOTTOM OF THE 7TH |
|
Chicago Cubs batting - Pitching for Miami Marlins : RHP Brian Glover
|
|
Now in LF: Seth Tramontano
|
|
|
Batting: RHB Steve Bui
|
0-0: Foul Ball, location: 2F 0-1: Ball 1-1: Fly out, F8 (Flyball, 78XD, EV 106.9 MPH)
|
|
Batting: RHB Jamie Ogilvie
|
0-0: DOUBLE (Groundball, 5L, EV 101.9 MPH)
|
|
Pinch Hitting: RHB Andy Wasierski
|
0-0: SINGLE (Flyball, 9, EV 100.0 MPH) Jamie Ogilvie to third
|
|
Batting: RHB Elijah Campbell
|
0-0: Called Strike 0-1: Ball 1-1: SINGLE (Line Drive, 6MD, EV 106.3 MPH) Jamie Ogilvie scores Andy Wasierski to second
|
|
Pitching: RHP Ian Newman
|
|
|
Batting: RHB Will Leslie
|
0-0: Called Strike 0-1: Called Strike 0-2: Ball 1-2: Ball 2-2: Ball 3-2: SINGLE (Groundball, 3D, EV 100.0 MPH) Andy Wasierski to third Elijah Campbell to second
|
|
Batting: RHB Efrain Vargas
|
0-0: Ball 1-0: Ball 2-0: Fly out, F4 (Line Drive, 4, EV 73.1 MPH)
|
|
Batting: SHB Terry Tuckfard
|
0-0: Called Strike 0-1: Foul Ball, location: 2F 0-2: Ball 1-2: Strikes out swinging
|
| Bottom of the 7th over - 1 run, 4 hits, 0 errors, 3 left on base; Miami 1 - Chicago 11 |
| TOP OF THE 8TH |
|
Miami Marlins batting - Pitching for Chicago Cubs : RHP Nate Jackson
|
|
Pitching: LHP Jay Turpin
|
|
|
Now in RF: Andy Wasierski
|
|
|
Batting: RHB Micah Christopher
|
0-0: SINGLE (Line Drive, 8LS, EV 94.4 MPH)
|
|
Batting: LHB Andre Gorter
|
0-0: Called Strike 0-1: Foul Ball, location: 2F 0-2: Ball 1-2: Ball 2-2: Foul Ball, location: 2F 2-2: Ball 3-2: SINGLE (Flyball, 78S, EV 91.9 MPH) Micah Christopher to second
|
|
Batting: RHB Roger Salazar
|
0-0: SINGLE (Line Drive, 9LS, EV 110.6 MPH) Micah Christopher to third Andre Gorter to second
|
|
Batting: RHB Justin Huff
|
0-0: Fly out, F3 (Popup, 3S, EV 86.9 MPH)
|
|
Pinch Hitting: SHB Matt Altieri
|
0-0: Swinging Strike 0-1: Fly out, F4 (Popup, 34D, EV 46.9 MPH)
|
|
Pinch Hitting: RHB Tommy Hughes
|
0-0: Called Strike 0-1: Ball 1-1: DOUBLE (Groundball, 5L, EV 95.0 MPH) Micah Christopher scores Andre Gorter scores Roger Salazar to third Runner from 3rd tries for Home, throw by LF and OUT! 7-6-2
|
| Top of the 8th over - 2 runs, 4 hits, 0 errors, 1 left on base; Miami 3 - Chicago 11 |
| BOTTOM OF THE 8TH |
|
Chicago Cubs batting - Pitching for Miami Marlins : RHP Ian Newman
|
|
Now at 2B: Tommy Hughes
|
|
|
Now in LF: Matt Altieri
|
|
|
Now in RF: Seth Tramontano
|
|
|
Batting: RHB Kaeo Zirpoli
|
0-0: Ball 1-0: Called Strike 1-1: Called Strike 1-2: Ball 2-2: Ball 3-2: Base on Balls
|
|
Pinch Hitting: RHB Josh Kalman
|
0-0: SINGLE (Flyball, 89S, EV 94.4 MPH) Kaeo Zirpoli to second
|
|
Batting: RHB Steve Bui
|
0-0: Ball 1-0: Foul Ball, location: 2F 1-1: Called Strike 1-2: 3-RUN HOME RUN (Flyball, 78XD, EV 96.3 MPH), Distance : 377 ft
|
|
Pitching: LHP Paul Cantrell
|
|
|
Batting: RHB Jamie Ogilvie
|
0-0: Ball 1-0: SINGLE (Groundball, 6M, EV 80.6 MPH) (infield hit)
|
|
Batting: RHB Andy Wasierski
|
0-0: Grounds into double play, 5-4-3 (Groundball, 56S, EV 83.8 MPH)
|
|
Batting: RHB Elijah Campbell
|
0-0: Called Strike 0-1: Swinging Strike 0-2: Ball 1-2: Ground out 5-3 (Groundball, 56S, EV 93.1 MPH)
|
| Bottom of the 8th over - 3 runs, 3 hits, 0 errors, 0 left on base; Miami 3 - Chicago 14 |
| TOP OF THE 9TH |
|
Miami Marlins batting - Pitching for Chicago Cubs : LHP Jay Turpin
|
|
Now in LF: Josh Kalman
|
|
|
Batting: RHB Seth Tramontano
|
0-0: Ball 1-0: Ball 2-0: Ball 3-0: Called Strike 3-1: Base on Balls
|
|
Batting: RHB Eric Jordan
|
0-0: Ball 1-0: Foul Ball, location: 2F 1-1: Called Strike 1-2: Strikes out swinging
|
|
Batting: RHB Jeff Garofalo
|
0-0: Foul Ball, location: 2F 0-1: Ball 1-1: Ball 2-1: Called Strike 2-2: Strikes out looking
|
|
Batting: RHB Micah Christopher
|
0-0: Ball 1-0: Fly out, F6 (Flyball, 6D, EV 85.6 MPH)
|
| Top of the 9th over - 0 runs, 0 hits, 0 errors, 1 left on base; Miami 3 - Chicago 14 |
|